 Dungeon Crawl Stone Soup version 0.23-a0-635-g88ca12a (webtiles) character file.

255 Gorice the Skirmisher (level 5, -3/43 HPs)
             Began as a Demonspawn Wanderer on Dec 27, 2018.
             Killed from afar by Sigmund (7 damage)
             ... with a magic dart
             ... on level 3 of the Dungeon.
             The game lasted 00:09:36 (2822 turns).

Gorice the Skirmisher (Demonspawn Wanderer)         Turns: 2822, Time: 00:09:39

Health: -3/43      AC:  6    Str: 12    XL:     5   Next: 91%
Magic:  5/5        EV: 10    Int: 13    God:
Gold:   204        SH:  0    Dex: 14    Spells: 4/4 levels left

rFire    . . .     SeeInvis .   a - +3 short sword
rCold    . . .     Gourm    .   (no shield)
rNeg     . . .     Faith    .   c - +1 ring mail
rPois    .         Spirit   .   (no helmet)
rElec    .         Reflect  .   (no cloak)
rCorr    .         Harm     .   (no gloves)
MR       .....                  (no boots)
Stlth    +.........             (no amulet)
HPRegen  0.14/turn              (no ring)
MPRegen  0.09/turn              (no ring)

@: lethally poisoned (-3 -> -15)
A: talons 1
a: no special abilities


You were on level 3 of the Dungeon.
You were not hungry.

You visited 1 branch of the dungeon, and saw 3 of its levels.

You collected 204 gold pieces.

Inventory:

Hand Weapons
 a - a +3 short sword (weapon)
 b - a +0 hunting sling
 i - a +0 flail
 m - a +3 dagger
 n - a +0 war axe
Missiles
 e - 2 needles of sleeping
 q - 14 sling bullets
 s - 18 bolts
 Y - 29 stones (quivered)
Armour
 c - a +1 ring mail (worn)
Jewellery
 j - an uncursed amulet of faith {!P}
Scrolls
 l - a scroll of amnesia
 o - 6 scrolls of teleportation {!r}
Potions
 f - a potion of resistance {!q}
 h - a potion of haste {!q}
 k - a potion of heal wounds {!q}
Comestibles
 d - 7 rations
 g - 3 chunks of flesh


   Skills:
 + Level 4.6 Fighting
 - Level 1.7 Short Blades
   Level 1.7 Crossbows
 + Level 4.2 Armour
 - Level 1.0 Stealth
   Level 1.0 Evocations


You had 4 spell levels left.
You didn't know any spells.
Your spell library was empty.

Dungeon Overview and Level Annotations

Branches:
Dungeon (3/15)

Altars:

Annotations:
D:3 Sigmund


Innate Abilities, Weirdness & Mutations

You have sharp toenails.


Message History

You hit the adder. Your kick misses the adder.
The adder is heavily wounded.
The adder bites you but does no damage.
You closely miss the adder. Your kick misses the adder.
The adder is heavily wounded.
You feel sick. The adder bites you.
* * * LOW HITPOINT WARNING * * *
Damage: 2 (max 16)
You barely miss the adder. Your kick misses the adder.
The adder is heavily wounded.
The adder bites you but does no damage. The adder bites you.
* * * LOW HITPOINT WARNING * * *
Damage: 3 (max 16)
You barely miss the adder. Your kick misses the adder.
The adder is heavily wounded.
You feel sick. The adder closely misses you.
Damage: 1 (max 16)
You puncture the adder!
You kill the adder!
The adder completely misses you.
It was a potion of heal wounds.
You feel much better. Something hits you!
* * * LOW HITPOINT WARNING * * *
The adder bites you.
* * * LOW HITPOINT WARNING * * *
You are more poisoned.
The adder poisons you!
Unknown command.
You puncture the adder!
The adder is almost dead.
You feel sick. The adder bites you.
* * * LOW HITPOINT WARNING * * *
You are more poisoned.
The adder poisons you! Something hits you.
* * * LOW HITPOINT WARNING * * *
Damage: 7 (max 16)
You miss the adder. Your kick misses the adder.
The adder is almost dead.
* * * LOW HITPOINT WARNING * * *
You feel sick. The adder bites you.
* * * LOW HITPOINT WARNING * * *
The adder bites you.
* * * LOW HITPOINT WARNING * * *
Damage: 4 (max 16)
You hit the adder.
You kill the adder!
* * * LOW HITPOINT WARNING * * *
You feel sick.
A magic dart appears from out of thin air!
The magic dart hits you!
You die...

#.......##.......#
#.......######[#.###+### #.
#.......#............... ....
###.....#.######.#....###.#(#
#.....#.#### #.#....#...(..
##.........###.###.#.......
#........................
#.###.......#####.#..##...
#)# #........@[{g(.......<
#)# #.......#####.#..###.#
#)# #.......+ ......#
#.###.......# ###.#..#
#<.....#....# #.#..#
#.####.##... ....... #.# #.#.
#....... #.# #... ###..##.
#.#


You could see a gnoll.

Vanquished Creatures
  A howler monkey (D:2)
  Jessica (D:3)
  7 adders
  3 gnolls
  4 oozes
  3 worms
  A leopard gecko (D:1)
  3 orcs (D:3)
  5 bats
  6 giant cockroaches
  11 hobgoblins
  4 jackals (D:1)
  A ball python (D:2)
  4 frilled lizards
  6 goblins
  6 kobolds
  6 rats (D:1)
72 creatures vanquished.

Notes
Turn   | Place    | Note
-------+----------+-------------------------------------------
     0 | D:1      | Gorice the Demonspawn Wanderer began the quest for the Orb.
     0 | D:1      | Gorice set off with the following items: a +2 short sword,
                  | a scroll of teleportation {!r}, a +0 ring mail, a ration
     0 | D:1      | Reached XP level 1. HP: 16/16 MP: 1/1
     1 | D:1      | Found a runed door.
   110 | D:1      | Reached skill level 2 in Armour
   183 | D:1      | Gained mutation: You have sharp toenails. [demonic
                  | ancestry]
   183 | D:1      | Reached XP level 2. HP: 21/23 MP: 2/2
   634 | D:1      | Reached XP level 3. HP: 28/28 MP: 3/3
   980 | D:1      | Reached skill level 3 in Fighting
  1016 | D:1      | Reached skill level 3 in Armour
  1328 | D:2      | Reached XP level 4. HP: 35/35 MP: 4/4
  1898 | D:2      | Reached skill level 4 in Fighting
  1898 | D:2      | Reached XP level 5. HP: 23/42 MP: 5/5
  2645 | D:3      | Noticed Sigmund
  2788 | D:3      | Noticed Jessica
  2804 | D:3      | Killed Jessica
  2804 | D:3      | Reached skill level 4 in Armour
  2813 | D:3      | HP: 10/43 [adder (4)]
  2820 | D:3      | HP: 10/43 [something (5)]
  2822 | D:3      | HP: 4/43 [poisoned by an adder]
  2822 | D:3      | Killed from afar by Sigmund

Vault maps used:
D:1:      dpeg_arrival_caged_fury, serial_bayou_pond_b
D:2:      minmay_curled_crystal
D:3:      first_ration, minmay_misc_feat_nine_boxes, uniq_jessica,
          uniq_crazy_yiuf_cottage, uniq_sigmund

Skill      XL: |  1  2  3  4  5 |
---------------+----------------+-----
Armour         | 2 3 4 |  4.2
Fighting       | 3 4 |  4.6
Short Blades   | |  1.7
Crossbows      | |  1.7
Stealth        | |  1.0
Evocations     | |  1.0

Action                   |  1- 3 |  4- 6 || total
-------------------------+-------+-------++-------
Melee: Short sword       |   109 |   115 ||   224
       Kick              |    24 |    20 ||    44
 Fire: Hunting sling     |       |    14 ||    14
Throw: Stone             |       |     1 ||     1
  Use: Scroll            |       |     6 ||     6
       Potion            |       |     1 ||     1
  Eat: Chunk             |     1 |     5 ||     6
Armor: Ring mail         |    40 |    50 ||    90
Dodge: Dodged            |    50 |    78 ||   128

Table legend:
 A = Non-vault XP
 B = Vault XP
 C = Vault XP percentage of total XP
 D = Non-vault monster count
 E = Vault monster count
 F = Vault count percentage of total count
                 A         B        C        D         E       F
            +---------+---------+-------+---------+---------+-------
      Total |     272 |      93 |  25.5 |      50 |      22 |  30.6
            +---------+---------+-------+---------+---------+-------
        D:1 |      75 |      56 |  42.7 |      23 |      21 |  47.7
        D:2 |     129 |       0 |   0.0 |      18 |       0 |   0.0
        D:3 |      68 |      37 |  35.2 |       9 |       1 |  10.0
            +---------+---------+-------+---------+---------+-------

Table legend:
 A = Turns spent in this place as a percentage of turns spent in the entire game.
 B = Non-inter-level travel turns spent in this place as a percentage of non-inter-level travel turns spent in the entire game.
 C = Inter-level travel turns spent in this place as a percentage of turns spent in this place.
 D = Turns resting spent in this place as a percentage of non-inter-level travel turns spent in this place.
 E = Turns spent auto-exploring this place as a percentage of non-inter-level travel turns spent in this place.
 F = Non-inter-level travel turns spent in this place divided by the number of levels of this place that you've seen.
                   A       B       C       D       E      F
               +-------+-------+-------+-------+-------+----------------------
         Total | 100.0 | 100.0 |   4.3 |  36.4 |  31.4 | 900.0
       Dungeon | 100.0 | 100.0 |   4.3 |  36.4 |  31.4 | 900.0
               +-------+-------+-------+-------+-------+----------------------

Vault maps used:
D:1:      dpeg_arrival_caged_fury, serial_bayou_pond_b
D:2:      minmay_curled_crystal
D:3:      first_ration, minmay_misc_feat_nine_boxes, uniq_jessica,
          uniq_crazy_yiuf_cottage, uniq_sigmund
